Map: [ESL] Royal Blood

Players

A.I. 1 (Very Easy) - Winner!

  • Race: Terran Terran
  • Spawn Location: 1:00

Lambo

  • Race: Zerg Zerg
  • League: Master
  • Spawn Location: 7:00

VOD

Have the link to the VOD?

Description

Time

  • Played on: March 29, 2023, 9:47 a.m.
  • Length: 8:36
Show
View Real Time Build Order
Export as new Build Order

A.I. 1 (Very Easy) Terran - Winner!

Build Orders:  

Get SALT Encoding   

  12  0:00  SCV  
  13  0:13  SCV  
  14  0:18  Supply Depot  
  14  0:37  Refinery  
  14  0:41  Barracks  
  14  1:04  Supply Depot  
  14  1:12  Refinery  
  14  1:28  Barracks Tech Lab  
  14  1:30  Orbital Command  
  14  1:46  Marine  
  15  1:55  SCV  
  16  2:07  SCV  
  17  2:19  SCV  
  18  2:30  Marine  
  18  2:31  SCV  
  20  2:44  SCV  
  21  2:56  SCV  
  22  3:14  Marauder  
  23  4:10  SCV  
  24  6:33  SCV  
  24  6:34  Marine  
  24  6:35  Supply Depot  
  24  6:38  Factory  
  24  6:39  Command Center  
  26  6:45  SCV  
  26  6:57  SCV  
  27  7:01  Supply Depot  
  27  7:08  Marine  
  28  7:09  SCV  
  25  7:22  SCV  
  26  7:25  Starport  
  26  7:34  SCV  
  27  7:41  Marine  
  28  7:52  SCV  
  29  8:00  SCV  
  29  8:01  Refinery, Starport Tech Lab  
  29  8:04  Refinery  
  29  8:07  SCV  
  28  8:14  SCV  
  28  8:15  Marine  
  29  8:21  SCV  
Show
View Real Time Build Order
Export as new Build Order

Lambo Zerg 

Build Orders: Pool First 

Get SALT Encoding   

  12  0:00  Drone  
  13  0:12  Overlord  
  13  0:18  Drone  
  14  0:31  Drone x2  
  14  0:34  Drone  
  17  0:44  Extractor, Drone  
  17  0:48  Spawning Pool  
  16  0:55  Drone  
  17  1:06  Drone  
  18  1:15  Hatchery  
  17  1:19  Drone  
  18  1:35  Queen, Zergling x2  
  21  1:43  Zergling x2  
  22  1:47  Metabolic Boost  
  22  1:52  Overlord  
  22  2:10  Drone  
  22  2:11  Drone  
  22  2:12  Queen  
  26  2:24  Hatchery  
  26  2:28  Zergling x2  
  26  2:31  Zergling x2  
  27  2:38  Drone  
  27  2:42  Drone x2  
  30  2:44  Drone x2  
  30  2:47  Drone  
  33  2:53  Overlord  
  33  2:55  Drone  
  34  3:02  Queen  
  36  3:11  Drone x3  
  39  3:16  Queen  
  39  3:18  Drone  
  42  3:22  Drone x2  
  44  3:31  Overlord  
  44  3:34  Overlord  
  44  3:36  Drone  
  44  3:37  Drone  
  44  3:39  Queen  
  48  3:44  Queen  
  50  3:50  Drone  
  50  3:51  Drone x3  
  50  3:54  Drone  
  55  3:57  Queen  
  55  4:00  Drone  
  55  4:02  Drone  
  59  4:04  Overlord  
  59  4:06  Drone  
  59  4:07  Drone  
  62  4:10  Drone  
  62  4:12  Drone x2  
  62  4:13  Drone  
  65  4:17  Drone  
  65  4:22  Queen  
  65  4:23  Overlord  
  68  4:25  Drone x2  
  68  4:27  Drone  
  68  4:28  Drone  
  68  4:29  Drone  
  73  4:33  Lair  
  73  4:35  Overlord  
  73  4:38  Drone  
  73  4:44  Drone x3  
  73  4:45  Extractor, Drone x3  
  77  4:48  Drone  
  80  4:53  Drone x3  
  80  4:54  Spore Crawler  
  80  4:55  Spore Crawler  
  80  4:56  Spore Crawler  
  80  4:59  Drone x3  
  83  5:00  Baneling Nest  
  83  5:02  Drone x2  
  83  5:07  Drone x4  
  86  5:10  Drone x2  
  86  5:11  Extractor x2, Zergling x2  
  89  5:21  Drone  
  89  5:23  Hatchery, Overlord  
  89  5:26  Overlord  
  89  5:28  Evolution Chamber  
  89  5:29  Zergling x6, Evolution Chamber  
  89  5:34  Overlord  
  90  5:40  Overlord  
  90  5:41  Queen  
  93  5:42  Zergling x2  
  93  5:43  Zergling x10  
  93  5:48  Zergling x6  
  101  5:51  Centrifugal Hooks  
  101  5:57  Zerg Ground Armor Level 1, Zerg Melee Weapons Level 1  
  101  6:00  Zergling x10  
  101  6:02  Drone  
  107  6:08  Zergling x4  
  109  6:11  Drone x2  
  109  6:12  Drone x2  
  109  6:13  Drone x2  
  115  6:25  Hatchery, Overlord  
  114  6:27  Drone x6  
  114  6:32  Hatchery  
  119  6:39  Zergling x14  
  126  6:47  Spore Crawler  
  126  6:49  Overseer  
  126  6:50  Zergling x12  
  126  6:51  Baneling x11  
  130  6:55  Overlord  
  130  6:59  Overlord  
  130  7:03  Zergling x6  
  133  7:09  Overlord  
  133  7:10  Zergling x4  
  133  7:11  Zergling x2  
  133  7:12  Overlord  
  133  7:14  Overlord  
  135  7:20  Zergling x20  
  135  7:21  Baneling x6  
  145  7:27  Drone  
  145  7:28  Drone  
  145  7:29  Queen  
  149  7:37  Zergling x16  
  157  7:49  Zergling x22  
  168  7:54  Zergling x2  
  168  7:55  Zergling x12  
  168  7:56  Baneling x18  
  175  8:01  Zergling x4  
  177  8:09  Zergling x12  
  177  8:11  Baneling x4  
  177  8:12  Zergling x6  
  185  8:17  Zergling x6  
Tags
 
League
Master
Matchup
TvZ
Opening
Pool First
Player
Lambo
Spawn Locations
Cross Positions
Add a new tag
Caveats
  • Supply blocks, unpowered buildings, or Contaminate may cause inaccurate times.
  • Supply counts are checked every 10 seconds.